 Dungeon Crawl Stone Soup version 0.18.1-5-g4a78601 (webtiles) character file.

55 IcyTea the Skirmisher (level 3, -1/34 HPs)
             Began as a Draconian Wanderer on May 11, 2016.
             Was an Initiate of Cheibriados.
             Killed by nerve-wracking pain
             ... invoked by an orc priest
              (11 damage)
             ... on level 3 of the Dungeon.
             The game lasted 00:07:12 (1507 turns).

IcyTea the Skirmisher (Draconian Wanderer)          Turns: 1507, Time: 00:07:14

Health: -1/34      AC:  5    Str: 15    XL:     3   Next: 67%
Magic:  3/3        EV: 11    Int: 16    God:    Cheibriados [......]
Gold:   81         SH:  0    Dex:  9    Spells: 0 memorised, 2 levels left

rFire  . . .     SeeInvis .     a - +2 dagger
rCold  . . .     Gourm    .     (armour unavailable)
rNeg   . . .     Faith    .     (no shield)
rPois  .         Spirit   .     (helmet restricted)
rElec  .         Dismiss  .     (no cloak)
rCorr  .         Reflect  .     (no gloves)
SustAt .         Harm     .     (no boots)
MR     .....                    (no amulet)
Stlth  ++........               (no ring)
                                (no ring)

@: very slow, not resistant to hostile enchantments, unstealthy
A: unfitting armour, cold-blooded, AC +5
a: Bend Time, Renounce Religion


You were on level 3 of the Dungeon.
You worshipped Cheibriados.
Cheibriados was noncommittal.
You were not hungry.

You visited 1 branch of the dungeon, and saw 3 of its levels.

You collected 81 gold pieces.

Inventory:

Hand Weapons
 a - a +2 dagger (weapon)
 b - a +0 shortbow
Missiles
 d - 50 arrows
 k - 2 steel javelins (quivered)
Scrolls
 h - a scroll of remove curse
Potions
 c - a potion of berserk rage
 e - 2 potions of curing
Comestibles
 f - 2 bread rations
 g - a royal jelly
 i - a beef jerky
 j - a slice of pizza
 l - a chunk of flesh


   Skills:
 - Level 4.3 Fighting
 - Level 3.0 Short Blades
 - Level 2.6 Bows
 + Level 2.3 Stealth
   Level 1.0 Evocations


You had 2 spell levels left.
You didn't know any spells.

Dungeon Overview and Level Annotations

Branches:
Dungeon (3/15)

Altars:
Cheibriados


Innate Abilities, Weirdness & Mutations

Your plain brown scales are hard (AC +5).
Your body does not fit into most forms of armour.
You are cold-blooded and may be slowed by cold attacks.


Message History

Deactivating autopickup; reactivate with Ctrl-A.
The orc shouts!
You hit the orc priest.
The orc priest is lightly wounded.
The orc priest hits you with a flail.
You hit the orc priest but do no damage.
The orc priest is lightly wounded.
You barely miss the orc priest.
The orc priest is lightly wounded.
The orc priest hits you with a flail!
You hit the orc priest but do no damage.
The orc priest is lightly wounded.
Something hits you. The orc priest hits you with a flail.
You closely miss the orc priest.
The orc priest is lightly wounded.
Something hits you.
* * * LOW HITPOINT WARNING * * *
The orc priest mumbles some strange prayers to Beogh against you.
Pain shoots through your body!
You die...

#.......##.#
#..........# ..
........#### .#
##..#.....### .## #
##.##.......## #.. .#
...#######...# ..#..#.
.#########...### .?.....
.........##....##.o...).
.#######...##...@oo.....
.# ###.[............ .#
######.#....... .#
.......... .#
#######.##. .# .# .# #
.# ##


You could see an orc priest and 2 orcs.

Vanquished Creatures
  A worm (D:3)
  A dart slug (D:1)
  4 giant geckos
  An orc (D:3)
  6 giant cockroaches
  9 goblins
  A hobgoblin (D:1)
  3 kobolds
  A quokka (D:2)
  4 bats
  6 giant newts
  3 rats
40 creatures vanquished.

Notes
Turn   | Place    | Note
--------------------------------------------------------------
     0 | D:1      | IcyTea the Draconian Wanderer began the quest for the Orb.
     0 | D:1      | IcyTea set off with: a +2 dagger, a potion of berserk rage, a +0 shortbow, 28 arrows, a potion of curing, a bread ration
     0 | D:1      | Reached XP level 1. HP: 22/22 MP: 1/1
    81 | D:1      | Reached skill level 1 in Short Blades
   140 | D:1      | Reached XP level 2. HP: 28/28 MP: 2/2
   521 | D:1      | Reached XP level 3. HP: 34/34 MP: 3/3
  1057 | D:2      | Found a snail-covered altar of Cheibriados.
  1119 | D:2      | Became a worshipper of Cheibriados the Contemplative
  1507 | D:3      | Killed from afar by an orc priest

Skill      XL: |  1  2  3 |
---------------+----------+-----
Short Blades   | 1 2 3 |  3.0
Stealth        | 2 |  2.3
Fighting       | |  4.3
Bows           | |  2.6
Evocations     | |  1.0

Action                   || total
-------------------------++-------
Melee: Dagger            ||   145
       Tailslap          ||    10
 Fire: Shortbow          ||     4
  Use: Scroll            ||     6
       Potion            ||     1
 Stab: Sleeping          ||     3
  Eat: Chunk             ||     2
Armor: Skin              ||    53
Dodge: Dodged            ||    71
